 Dungeon Crawl Stone Soup version 0.30-a0-782-ge64f9170bb (webtiles) character file.

Game seed: 5917288394394225262

115168 Ijustatesigmund the Warrior (level 16, -8/112 HPs)
             Began as a Gargoyle Fighter on Feb 20, 2023.
             Was an Elder of Ashenzari.
             Mangled by a death yak (16 damage)
             ... led by Polyphemus
             ... on level 3 of the Shoals on Feb 21, 2023.
             The game lasted 01:04:10 (34558 turns).

Ijustatesigmund the Warrior (Gargoyle Fighter)     Turns: 34558, Time: 01:04:11

Health: -8/112     AC: 38    Str: 24    XL:     16   Next: 67%
Magic:  3/23       EV: 13    Int: 14    God:    Ashenzari [****..]
Gold:   1160       SH: 14    Dex: 10    Spells: 21/25 levels left

rFire   + . .      SeeInvis +    a - +2 flail of Apeoromancy {flame, Melee, Fort} (curse)
rCold   + . .      Faith    .    c - +2 kite shield "Tethered Together" {Evo, Bglg} (curse)
rNeg    + . .      Spirit   .    b - +2 ring mail "Circumscribed Together" {rF+, Self, Melee} (curse)
rPois   ∞          Reflect  .    (no helmet)
rElec   +          Harm     .    y - +1 cloak of Ouranomancy {Bglg, Cun} (curse)
rCorr   .          Rampage  .    e - +3 Mad Mage's Maulers {Infuse+∞ VampMP -Cast}
Will    ++...      Clarity  +    s - +1 pair of boots "At What Cost Knowledge?" {Bglg, Range} (curse)
Stlth   ++         NoCast   +    (no amulet)
HPRegen 0.38/turn                g - ring "Apathy of Ashenzari" {AC+4, Bglg, Melee} (curse)
MPRegen 0.18/turn                u - ring "Eternal With Me" {Will+, Melee, Comp} (curse)

@: flying, studying 2 skills, invisible
A: sickness immunity, AC +12, big wings, negative energy resistance 1,
electricity resistance, torment resistance 1, petrification resistance,
iridescent scales 1, clever 1, cold resistance 1
a: Renounce Religion, Curse Item, Shatter the Chains


You were on level 3 of the Shoals.
You worshipped Ashenzari.
Ashenzari was greatly pleased with you.
You visited 4 branches of the dungeon, and saw 23 of its levels.
You visited the Abyss 1 time.
You also visited: Bailey.

You collected 1550 gold pieces.
You spent 390 gold pieces at shops.

Inventory:

Hand Weapons
 a - the cursed +2 flail of Apeoromancy (weapon) {flame, Melee, Fort}

   It has a curse which improves the following skills: Melee Combat: Short
   Blades, Long Blades, Axes, Maces & Flails, Polearms, Staves and Unarmed
   Combat.
   Fortitude: Armour and Shields.
Missiles
 E - 2 curare-tipped darts (quivered)
 V - a throwing net
Armour
 b - the cursed +2 ring mail "Circumscribed Together" (worn) {rF+, Self, Melee}
   (You found it on level 7 of the Dungeon)

   rF:        It protects you from fire.
   It has a curse which improves the following skills: Introspection: Fighting
   and Spellcasting.
   Melee Combat: Short Blades, Long Blades, Axes, Maces & Flails, Polearms,
   Staves and Unarmed Combat.
 c - the cursed +2 kite shield "Tethered Together" (worn) {Evo, Bglg}
   (You found it on level 5 of the Lair of Beasts)

   It has a curse which improves the following skills: Evocations: Evocations.
   Beguiling: Conjurations, Hexes and Translocations.
 e - the +3 Mad Mage's Maulers (worn) {Infuse+∞ VampMP -Cast}
   (You acquired it on level 4 of the Dungeon)

   Infuse+∞: It empowers its wearer's blows with all of their magic.
   VampMP:    Blows struck in melee replenish the wearer's magic.
   -Cast:     It prevents spellcasting.
 s - the cursed +1 pair of boots "At What Cost Knowledge?" (worn) {Bglg, Range}
   (You found it on level 6 of the Dungeon)

   It has a curse which improves the following skills: Beguiling: Conjurations,
   Hexes and Translocations.
   Ranged Combat: Ranged Weapons and Throwing.
 y - the cursed +1 cloak of Ouranomancy (worn) {Bglg, Cun}
   (You took it off Crazy Yiuf on level 7 of the Dungeon)

   It has a curse which improves the following skills: Beguiling: Conjurations,
   Hexes and Translocations.
   Cunning:   Dodging and Stealth.
 X - a +2 cloak
Magical Staves
 p - a staff of conjuration
Jewellery
 g - the cursed ring "Apathy of Ashenzari" (left hand) {AC+4, Bglg, Melee}
   (You found it on level 1 of the Dungeon)

   [ring of protection]

   AC:        It affects your AC (+4).
   It has a curse which improves the following skills: Beguiling: Conjurations,
   Hexes and Translocations.
   Melee Combat: Short Blades, Long Blades, Axes, Maces & Flails, Polearms,
   Staves and Unarmed Combat.
 l - a ring of positive energy
 u - the cursed ring "Eternal With Me" (right hand) {Will+, Melee, Comp}
   (You found it on level 4 of the Dungeon)

   [ring of willpower]

   Will:      It increases your willpower.
   It has a curse which improves the following skills: Melee Combat: Short
   Blades, Long Blades, Axes, Maces & Flails, Polearms, Staves and Unarmed
   Combat.
   Companions: Summonings and Necromancy.
 v - a ring of ice
 L - a ring of resist corrosion
 R - a ring of protection from fire
 S - a ring of ice
 T - a ring of protection from cold
 W - the dreamshard necklace {*Dream Drain}
   (You found it on level 3 of the Lair of Beasts)

   [amulet of nothing]

   *Dream:    It shatters if its wearer takes lethal or near-lethal damage,
   preventing the blow and releasing protective dreams that heal and fight for
   the wearer.
   Drain:     It drains your maximum health when unequipped.
 Y - the ring "Dailiz" {*Slow +Blink rPois AC+4 Int+3}
   (You found it on level 5 of the Lair of Beasts)

   [ring of protection]

   AC:        It affects your AC (+4).
   Int:       It affects your intelligence (+3).
   rPois:     It protects you from poison.
   +Blink:    It lets you blink.
   *Slow:     It may slow you when you take damage.
Wands
 w - a wand of acid (3)
 z - a wand of polymorph (19)
 C - a wand of flame (14)
 D - a wand of digging (1)
 J - a wand of paralysis (5)
 O - a wand of roots (10)
Scrolls
 o - 5 scrolls of fog
 t - 3 scrolls of enchant armour
 x - 3 scrolls of vulnerability
 F - 5 scrolls of immolation
 G - 5 scrolls of amnesia
 H - 7 scrolls of enchant weapon
 I - a scroll of torment
 K - 3 scrolls of teleportation
 N - 3 scrolls of magic mapping
 P - a scroll of acquirement
 Q - 2 scrolls of poison
 U - a scroll of brand weapon
 Z - a scroll of fear
Potions
 d - 2 potions of might
 f - a potion of heal wounds
 h - 4 potions of lignification
 i - 7 potions of haste
 j - 12 potions of curing
 k - 2 potions of attraction
 m - 4 potions of magic
 n - 4 potions of mutation
 q - 4 potions of brilliance
 r - a potion of invisibility
 A - a potion of cancellation
 B - 2 potions of ambrosia
 M - a potion of resistance


   Skills:
 + Level 15.1(16.9) Fighting
 + Level 14.3(19.0) Maces & Flails
 - Level 10.9(12.8) Ranged Weapons
 + Level 13.4(15.3) Armour
 + Level 9.0(11.0) Dodging
 - Level 4.7(6.6) Stealth
 - Level 11.9(13.8) Shields
 - Level 3.5(5.3) Spellcasting
 - Level 4.4(8.7) Conjurations
 + Level 9.0(11.0) Evocations


You had 21 spell levels left.
You knew the following spells:

 Your Spells              Type           Power      Damage    Failure   Level
a - Magic Dart            Conj           100%       1d8       1%          1
b - Stone Arrow           Conj/Erth      30%        3d8       22%         3

Your spell library contained the following spells:

 Spells                   Type           Power      Damage    Failure   Level
 Searing Ray              Conj           56%        2d6       1%          2
 Foxfire                  Conj/Fire      60%        2x1d7     7%          1
 Apportation              Tloc           10%        N/A       32%         1
 Necrotise                Necr           16%        1d4       36%         1
 Summon Small Mammal      Summ           16%        N/A       36%         1
 Beastly Appendage        Tmut           6%         N/A       41%         1
 Sandblast                Erth           6%         2d5       41%         1
 Sting                    Tmut/Pois      12%        1d3       41%         1
 Blink                    Tloc           10%        N/A       43%         2
 Fulminant Prism          Conj/Hex       8%         3d7       52%         4
 Iskenderun's Mystic Bla  Conj/Tloc      16%        2d5       52%         4
 Passwall                 Tmut/Erth      2%         N/A       54%         2
 Poisonous Vapours        Pois/Air       6%         N/A       54%         2
 Wereblood                Tmut           3%         N/A       54%         2
 Portal Projectile        Hex/Tloc       10%        N/A       67%         3
 Tukima's Dance           Hex            5%         N/A       67%         3
 Summon Guardian Golem    Hex/Summ       5%         N/A       71%         3
 Call Canine Familiar     Summ           4%         N/A       75%         3
 Kindle Blastsparks       Fire/Tloc/Air  8%         2d10      75%         3
 Spider Form              Tmut/Pois      3%         N/A       78%         3
 Fireball                 Conj/Fire      7%         3d5       89%         5
 Cause Fear               Hex            2%         N/A       97%         4
 Manifold Assault         Tloc           5%         N/A       97%         4
 Animate Dead             Necr           4%         N/A       98%         4
 Animate Armour           Summ/Erth      8%         N/A       99%         4
 Olgreb's Toxic Radiance  Pois           3%         N/A       99%         4
 Blade Hands              Tmut           1%         N/A       100%        5
 Borgnjor's Vile Clutch   Necr/Erth      2%         N/A       100%        5
 Lee's Rapid Deconstruct  Erth           1%         3d4*      100%        5
 Summon Forest            Summ/Tloc      2%         N/A       100%        5
 Death Channel            Necr           2%         N/A       100%        6
 Eringya's Noxious Bog    Tmut/Pois      1%         N/A       100%        6
 Starburst                Conj/Fire      7%         6d4       100%        6
 Dragon Form              Tmut           1%         N/A       100%        7
 Storm Form               Tmut/Air       1%         N/A       100%        7
 Summon Hydra             Summ           2%         N/A       100%        7
 Dragon's Call            Summ           2%         N/A       100%        9


Dungeon Overview and Level Annotations

Branches:
Dungeon (13/15)            Temple (1/1) D:7            Lair (5/5) D:9
 Shoals (4/4) Lair:3       Spider (0/4) Lair:3        Slime (0/5) Lair:5
    Orc (0/2) D:12         Vaults (0/5) D:13         Bailey (visited)

Altars:
Ashenzari
Cheibriados
Dithmenos
Elyvilon
Fedhas
Gozag
Hepliaklqana
Kikubaaqudgha
Makhleb
Nemelex Xobeh
Okawaru
Qazlal
Ru
Sif Muna
Trog
Uskayaw
Vehumet
Wu Jian
Xom
Yredelemnul
Zin
The Shining One
Jiyva

Shops:
D:6 =!*:*   D:11 *

Annotations:
D:9 2 transporters, voshxx's ghost, novice OgFE
Shoals:3 Polyphemus


Innate Abilities, Weirdness & Mutations

You are immune to sickness and miasma.
Your stone body is resilient. (AC +12)
You are immune to poison.
Your large and strong wings let you fly.
You resist negative energy. (rN+)
You are resistant to electric shocks. (rElec)
You are resistant to unholy torment.
You are immune to petrification.
You are partially covered in iridescent scales. (AC +2)
Your mind is acute. (Int +4, Str/Dex -1)
Your flesh is cold resistant. (rC+)


Message History

You block the merfolk's attack.
The death yak gores you but does no damage.
Polyphemus hits you but does no damage. x2
You sock Polyphemus! You burn Polyphemus.
Polyphemus is lightly wounded.
You block the merfolk's attack. The sea snake completely misses you.
You sock Polyphemus! You burn Polyphemus.
Polyphemus is lightly wounded.
The death yak gores you but does no damage.
Polyphemus throws the death yak at you!
The death yak gores you but does no damage.
You block the merfolk's attack.
You hit Polyphemus but do no damage.
Polyphemus is lightly wounded.
The sea snake misses you. You block the death yak's attack. x2
The death yak barely misses you. You block the merfolk's attack.
You sock Polyphemus! You burn Polyphemus.
Polyphemus is moderately wounded.
You block the sea snake's attack. The death yak gores you!!
You block the death yak's attack. The death yak barely misses you.
Polyphemus hits you!!
* * * LOW HITPOINT WARNING * * *
Polyphemus completely misses you.
You are too injured to fight recklessly!
You are too injured to fight recklessly!
You are too injured to fight recklessly!
You are too injured to fight recklessly!
You are too injured to fight recklessly!
You are too injured to fight recklessly!
Okay, then.
Okay, then.
You fade into invisibility!
The sea snake closely misses you. You block the merfolk's attack.
The death yak gores you.
* * * LOW HITPOINT WARNING * * *
You block the death yak's attack. You block Polyphemus's attack.
Polyphemus hits you!
* * * LOW HITPOINT WARNING * * *
The death yak gores you!
You die...

~ ~~~~ ... ...~~~~≈≈≈≈≈≈ ~ ~
~~~~~~.#..*#.~~~~~~≈≈≈≈≈ ~~
~~~~~~..#..##..~~~~~~≈≈≈≈
~~~~~~.......~~.~~~~~~≈≈≈ ~
~~~~~....*#.~~~.~~~~~≈≈≈ ~
~~!~~~..# #..~~~~~~~~~≈≈ ~~
~.~~~~m.# #.....~)~~~~~≈ ~ ~
~.....SY###..##.~~~~~~~~ ~ ~ ~ ,
#C@Y..~.###.~~~~~~≈ ~~ ~~ ~ ,
##.Y~~~~....~~~~≈≈≈ ~~
~~~~~....~~~~~~~~~~~≈≈≈≈ ~ ~~~
***#~~####~~~#~#~~~~~≈≈≈≈ ~ ~ *
#~~* *#...#~#~~~~≈≈≈≈≈ ~~~~ ~ *
~~~, #?...##~~~~≈≈≈≈≈ ~~ ~ ~ ~
..##.≈~~~#~~~~≈≈≈≈≈ ≈≈≈≈≈≈~~~~~≈
≈..≈≈≈≈~≈≈..~≈≈≈≈≈≈
≈≈≈≈≈≈≈~~~~≈≈≈≈..≈≈~~~~≈~~~≈≈≈≈≈≈


You could see Polyphemus (unable to see you), 3 death yaks, a sea snake (unable
to see you) and a merfolk (unable to see you).

Vanquished Creatures
  A kraken (Shoals:2)
  A tentacled starspawn (Abyss:3)
  Ilsuiw (Shoals:3)
  Louise (Shoals:1)
  An ironbound preserver (D:13)
  2 merfolk javelineers
  7 merfolk impalers
  Fannar (D:12)
  8 hydras
  An alligator snapping turtle (Shoals:4)
  2 merfolk aquamancers (Shoals:3)
  A boulder beetle (D:12)
  5 merfolk avatars
  2 centaur warriors
  3 catoblepae (Shoals:3)
  3 satyrs
  8 two-headed ogres
  7 death yaks
  A wretched star (Abyss:3)
  4 skysharks
  8 sea snakes
  A deep elf pyromancer (D:12)
  2 orc knights (Bailey)
  22 harpies
  17 fauns
  An ugly thing (D:11)
  2 wolf spiders (Lair:5)
  11 manticores
  2 cyclopes
  10 merfolk sirens
  4 elephants (Lair:2)
  11 black mambas
  A torpor snail (Lair:3)
  A guardian serpent (Lair:5)
  5 gargoyles (D:10)
  2 unseen horrors
  16 cane toads
  5 water nymphs
  5 rime drakes
  3 komodo dragons
  3 polar bears
  4 trolls
  4 wind drakes
  2 hornets (Lair:5)
  3 blink frogs (Lair:1)
  17 merfolk
  12 dream sheep
  8 snapping turtles
  40 yaks
  A vampire (D:9)
  7 slime creatures
  3 wraiths
  12 wyverns
  A yak (shapeshifter) (D:13)
  2 basilisks
  2 shadows
  4 water elementals
  Eustachio (D:4)
  A redback (Lair:5)
  10 vampire mosquitoes
  3 large abominations (Abyss:3)
  3 acid dragons
  28 water moccasins
  Duvessa (D:4)
  An ice beast (D:6)
  5 orc warriors (Bailey)
  A sky beast (D:6)
  A black bear (Lair:1)
  17 wolves
  2 ogres
  4 centaurs
  A phantom (D:4)
  3 kobold brigands
  8 bullfrogs
  2 necrophages
  4 scorpions
  5 wights (D:9)
  Dowan (D:4)
  3 killer bees (D:8)
  3 howler monkeys (D:7)
  3 electric eels
  3 hounds (D:5)
  4 jellies
  3 gnoll boudas
  4 orc priests
  Crazy Yiuf (D:7)
  5 orc wizards
  2 iguanas
  6 hell rats (Lair:3)
  7 gnolls
  8 adders
  3 white imps
  6 worms
  5 dart slugs
  32 orcs
  5 ball pythons
  7 endoplasms
  3 giant cockroaches
  11 goblins
  11 hobgoblins
  7 jackals
  21 kobolds
  2 quokkas
  4 bats
  A frilled lizard (D:1)
  14 rats
  A plant (Shoals:1)
  A starspawn tentacle (Abyss:3)
  4 tentacles
606 creatures vanquished.

Vanquished Creatures (others)
  A sea snake (Shoals:2)
  A harpy (Shoals:1)
  A sky beast (D:8)
  52 fungi
  196 plants
  2 starspawn tentacles (Abyss:3)
  6 tentacles
259 creatures vanquished.

Grand Total: 865 creatures vanquished

Notes
Turn   | Place    | Note
-------+----------+-------------------------------------------
     0 | D:1      | Ijustatesigmund the Gargoyle Fighter began the quest for
                  | the Orb.
     0 | D:1      | Reached XP level 1. HP: 14/14 MP: 1/1
   160 | D:1      | Reached XP level 2. HP: 19/19 MP: 2/2
   310 | D:1      | Found a faded altar of an unknown god.
   394 | D:1      | Reached XP level 3. HP: 23/23 MP: 3/3
   990 | D:2      | Found a hazy altar of Hepliaklqana.
  1327 | D:2      | Reached XP level 4. HP: 29/29 MP: 4/4
  1737 | D:3      | Learned a level 1 spell: Magic Dart
  1754 | D:3      | Reached skill level 4 in Fighting
  2056 | D:4      | Identified a scroll of acquirement
  2056 | D:4      | Acquired the +3 Mad Mage's Maulers {Infuse+∞ VampMP -Cast}
  2056 | D:4      | Found the +3 Mad Mage's Maulers {Infuse+∞ VampMP -Cast}
  2073 | D:4      | Reached XP level 5. HP: 33/33 MP: 2/5
  2175 | D:4      | Found a blossoming altar of Fedhas.
  2175 | D:4      | Noticed Eustachio
  2209 | D:4      | Killed Eustachio
  2210 | D:4      | Reached XP level 6. HP: 23/39 MP: 1/6
  2457 | D:4      | Reached skill level 5 in Maces & Flails
  2946 | D:4      | Reached skill level 5 in Fighting
  2946 | D:4      | Reached skill level 5 in Armour
  2946 | D:4      | Reached XP level 7. HP: 44/44 MP: 3/7
  3092 | D:4      | Noticed Duvessa
  3092 | D:4      | Noticed Dowan
  3096 | D:4      | Killed Duvessa
  3114 | D:4      | Killed Dowan
  3267 | D:5      | Entered Level 5 of the Dungeon
  3629 | D:5      | Reached XP level 8. HP: 51/51 MP: 0/8
  4225 | D:5      | Reached skill level 6 in Fighting
  4601 | D:6      | Found a hazy altar of Hepliaklqana.
  4946 | D:6      | Found a snail-covered altar of Cheibriados.
  5317 | D:6      | Found Erchoiwum's Book Shop.
  5317 | D:6      | Found Xuerchaim's General Store.
  5319 | D:6      | Found Erin's General Store.
  5321 | D:6      | Found Xeotebetz's Jewellery Shop.
  5321 | D:6      | Found Fogriecu's Distillery.
  5347 | D:6      | Bought a potion of curing for 30 gold pieces
  5347 | D:6      | Bought 2 potions of mutation for 160 gold pieces
  5351 | D:6      | Bought a potion of heal wounds for 65 gold pieces
  5795 | D:7      | Found an opulent altar of Gozag.
  5800 | D:7      | Found a staircase to the Ecumenical Temple.
  5820 | Temple   | Entered the Ecumenical Temple
  5904 | Temple   | Became a worshipper of Ashenzari the Shackled
  6079 | D:7      | Found a flagged portal.
  6094 | D:7      | Reached skill level 5 in Shields
  6106 | D:7      | Reached XP level 9. HP: 54/56 MP: 2/9
  6118 | Bailey   | Entered a bailey
  6656 | Bailey   | Reached skill level 7 in Fighting
  6906 | Bailey   | Noticed an orc knight
  6919 | Bailey   | Killed an orc knight
  7061 | Bailey   | Noticed an orc knight
  7075 | Bailey   | Killed an orc knight
  7076 | Bailey   | Reached skill level 8 in Fighting
  7296 | D:7      | Found a shadowy altar of Dithmenos.
  7561 | D:7      | Acquired a manual of Evocations
  7724 | D:7      | Identified the +2 ring mail of Shielding {rF+}
  7872 | D:7      | Found a runed translucent door.
  7873 | D:7      | Noticed Crazy Yiuf
  7879 | D:7      | Killed Crazy Yiuf
  8001 | D:8      | Noticed a centaur warrior
  8006 | D:8      | Reached XP level 10. HP: 60/64 MP: 0/10
  8012 | D:8      | Killed a centaur warrior
  8809 | D:8      | Found a shimmering altar of Xom.
  8833 | D:8      | Found a glowing golden altar of the Shining One.
  8836 | D:8      | Found a stormy altar of Qazlal.
  9310 | D:8      | Gained mutation: You occasionally lose the ability to drink
                  | potions when taking damage. [potion of mutation]
  9311 | D:8      | Lost mutation: You occasionally lose the ability to drink
                  | potions when taking damage. [potion of mutation]
  9311 | D:8      | Gained mutation: You are partially covered in iridescent
                  | scales. (AC +2) [potion of mutation]
  9311 | D:8      | Gained mutation: You have hidden genetic defects. [potion
                  | of mutation]
  9311 | D:8      | Gained mutation: You have a pair of small antennae on your
                  | head. [potion of mutation]
  9312 | D:8      | Lost mutation: You have hidden genetic defects. [potion of
                  | mutation]
  9312 | D:8      | Lost mutation: You are partially covered in iridescent
                  | scales. (AC +2) [potion of mutation]
  9312 | D:8      | Gained mutation: Your mind is acute. (Int +4, Str/Dex -1)
                  | [potion of mutation]
  9312 | D:8      | Lost mutation: You have a pair of small antennae on your
                  | head. [potion of mutation]
  9312 | D:8      | Gained mutation: You are partially covered in iridescent
                  | scales. (AC +2) [potion of mutation]
  9312 | D:8      | Gained mutation: Your flesh is cold resistant. (rC+)
                  | [potion of mutation]
  9341 | D:9      | Found a transporter.
  9342 | D:9      | Noticed a two-headed ogre
  9342 | D:9      | Noticed a moth of wrath
  9344 | D:9      | Noticed a two-headed ogre
  9345 | D:9      | Found a transporter.
  9347 | D:9      | Found a bloodstained altar of Trog.
  9357 | D:9      | Noticed voshxx's ghost (novice OgFE)
  9422 | D:9      | Noticed a two-headed ogre
  9465 | D:9      | Reached skill level 9 in Fighting
  9468 | D:9      | Noticed a tengu warrior
  9477 | D:9      | Killed a two-headed ogre
  9549 | D:9      | Noticed a two-headed ogre
  9555 | D:9      | Killed a two-headed ogre
  9885 | D:9      | Reached XP level 11. HP: 55/72 MP: 3/11
 10100 | D:9      | Found a staircase to the Lair.
 10427 | D:9      | Found a shimmering blue altar of Sif Muna.
 10566 | D:9      | Found an ornate altar of the Wu Jian Council.
 10670 | D:10     | Entered Level 10 of the Dungeon
 10842 | D:10     | Reached skill level 10 in Fighting
 10842 | D:10     | Reached skill level 10 in Armour
 11054 | D:10     | Reached skill level 10 in Maces & Flails
 11809 | D:11     | Found Vebofea's CLEARANCE SALE!.
 11827 | D:11     | Bought a book of Unlife for 108 gold pieces
 11827 | D:11     | Bought a scroll of fear for 12 gold pieces
 11827 | D:11     | Bought a potion of heal wounds for 15 gold pieces
 11865 | D:11     | Reached * piety under Ashenzari
 11877 | D:11     | Noticed a two-headed ogre
 11883 | D:11     | Killed a two-headed ogre
 11990 | D:11     | Noticed a two-headed ogre
 11996 | D:11     | Killed a two-headed ogre
 12231 | D:11     | Noticed a white ugly thing
 12246 | D:11     | Killed a white ugly thing
 12612 | D:11     | Reached skill level 1 in Evocations
 12798 | D:11     | Noticed a two-headed ogre
 12803 | D:11     | Killed a two-headed ogre
 12804 | D:11     | Reached skill level 11 in Fighting
 12804 | D:11     | Reached skill level 10 in Shields
 12804 | D:11     | Reached XP level 12. HP: 81/81 MP: 2/12
 12930 | D:11     | Reached ** piety under Ashenzari
 13453 | D:12     | Noticed a boulder beetle
 13454 | D:12     | Noticed a two-headed ogre
 13476 | D:12     | Killed a two-headed ogre
 13498 | D:12     | Reached skill level 1 in Conjurations
 13500 | D:12     | Killed a boulder beetle
 13501 | D:12     | Reached skill level 1 in Spellcasting
 13830 | D:12     | Found a staircase to the Orcish Mines.
 13842 | D:12     | Noticed Fannar
 13847 | D:12     | Killed Fannar
 13941 | D:12     | Noticed a two-headed ogre
 13943 | D:12     | Killed a two-headed ogre
 14408 | D:12     | Noticed a two-headed ogre
 14426 | D:12     | Killed a two-headed ogre
 15092 | D:13     | Noticed a six-headed hydra
 15097 | D:13     | Killed a six-headed hydra
 15216 | D:13     | Found a gate to the Vaults.
 15216 | D:13     | Noticed an ironbound preserver
 15236 | D:13     | Killed an ironbound preserver
 15239 | D:13     | Noticed a centaur warrior
 15478 | Lair:1   | Entered Level 1 of the Lair of Beasts
 15610 | Lair:1   | Reached XP level 13. HP: 81/88 MP: 5/19
 15698 | Lair:1   | Found a glowing golden altar of the Shining One.
 16780 | Lair:1   | Reached skill level 12 in Fighting
 17660 | Lair:2   | Identified the +3 falchion "Iguunet" {holy, *Corrode rF+
                  | rC+ MP+9}
 19219 | Lair:3   | Learned a level 3 spell: Stone Arrow
 19383 | Lair:3   | Found a hole to the Spider Nest.
 20206 | Lair:3   | Found a staircase to the Shoals.
 20376 | Lair:3   | Found the dreamshard necklace {*Dream Drain}
 20796 | Lair:4   | Reached skill level 13 in Fighting
 20998 | Lair:4   | Gained mutation: Your large and strong wings let you fly.
                  | [Gargoyle growth]
 20998 | Lair:4   | Reached XP level 14. HP: 66/96 MP: 4/21
 21364 | Lair:4   | Reached *** piety under Ashenzari
 21565 | Lair:4   | Reached skill level 1 in Dodging
 22815 | Lair:5   | Entered Level 5 of the Lair of Beasts
 22949 | Lair:5   | Identified the +3 ring mail of Daffodils {Harm Drain Fly
                  | Regen+}
 23043 | Lair:5   | Reached **** piety under Ashenzari
 23108 | Lair:5   | Reached skill level 1 in Ranged Weapons
 23113 | Lair:5   | Reached skill level 5 in Dodging
 23867 | Lair:5   | Reached skill level 5 in Ranged Weapons
 24961 | Lair:5   | Found a viscous altar of Jiyva.
 25121 | Lair:5   | Found a staircase to the Slime Pits.
 25536 | Lair:5   | Identified the ring "Dailiz" {*Slow +Blink rPois AC+4
                  | Int+3}
 26351 | Lair:5   | Identified Sif Muna's Encyclopedia of Venin
 26522 | Shoals:1 | Entered Level 1 of the Shoals
 26558 | Shoals:1 | Noticed Louise
 26566 | Abyss:3  | Noticed a tentacled starspawn
 26566 | Abyss:3  | Identified the +2 broad axe of Ashenzari's Delight {venom,
                  | rN+ Stlth+}
 26566 | Abyss:3  | Cast into level 3 of the Abyss (Louise)
 26586 | Abyss:3  | Killed a tentacled starspawn
 26587 | Abyss:3  | Reached XP level 15. HP: 89/103 MP: 2/22
 26671 | Abyss:3  | Noticed a hellephant
 26674 | Abyss:3  | Noticed a tentacled starspawn
 26681 | Shoals:1 | Escaped the Abyss
 26696 | Shoals:1 | Killed Louise
 27208 | Shoals:1 | Reached skill level 10 in Ranged Weapons
 28707 | Shoals:1 | Reached skill level 5 in Evocations
 28721 | Shoals:1 | Reached skill level 14 in Fighting
 29620 | Shoals:2 | Identified the +5 quarterstaff of Ignis {heavy, *Noise rC+
                  | Will+}
 30820 | Shoals:2 | Reached skill level 1 in Stealth
 31007 | Shoals:2 | Reached XP level 16. HP: 77/111 MP: 7/23
 31197 | Shoals:2 | Noticed a kraken
 31219 | Shoals:2 | Killed a kraken
 32091 | Shoals:3 | Identified Zunarid's Quarto of Sepulchral Calling
 32928 | Shoals:4 | Entered Level 4 of the Shoals
 32938 | Shoals:3 | Noticed Ilsuiw
 33284 | Shoals:3 | Killed Ilsuiw
 33315 | Shoals:3 | Reached skill level 15 in Fighting
 33992 | Shoals:3 | Noticed a kraken
 34324 | Shoals:3 | Identified the +3 leather armour "Ylu Bigu" {rN+ Dex+3}
 34543 | Shoals:3 | Noticed Polyphemus
 34558 | Shoals:3 | Mangled by a death yak

Illustrated notes

Levels and vault maps discovered:
D:1:      dpeg_arrival_windows_large_door, layout_loops_ring,
          chequers_ecumenical_altar_island, minmay_rat_gold_closets
D:2:      minmay_chambers_of_ones, layout_basic, basic_altar
D:3:      layout_rooms, hangedman_decor_growths
D:4:      layout_basic, fedhas_altar_2, uniq_duvessa, uniq_eustachio
D:5:      layout_basic, serial_glass, glass_columns_c, glass_columns_a
D:6:      layout_basic, mainiacjoe_overflow_small_starburst,
          nicolae_hepliaklqana_hazy_memory, serial_bayou_pond_a,
          nicolae_wooded_promenade
D:7:      layout_rooms, nicolae_dithmenos_through_a_glass_darkly,
          overflow_temple_1_default, minmay_temple_entry_gardened_gates,
          enter_bailey_3, uniq_crazy_yiuf_cottage
D:8:      layout_basic, grunt_temple_overflow_open, minmay_manual_monstrance
D:9:      layout_roguey, led_sif_book, lemuel_doored_altar, lair_entry_dummy,
          gammafunk_ghost_wrathful_warriors, minmay_chambers_of_fives
D:10:     cheibrodos_statue_roulette, layout_rooms
D:11:     layout_long_grid, solitary_fountain, hangedman_decor_push,
          nicolae_shop_clearance
D:12:     layout_stronghold, orc_0_dummy, uniq_fannar
D:13:     layout_roguey, skrybe_vaults_entry_preservation, serial_shops,
          nicolae_stop_n_shop_1, nicolae_take_the_stairs, shop_fountains
Temple:   minmay_temple_bridge_abc
Lair:1:   layout_long_grid, basic_altar, chequers_serial_rivers_large_a,
          grunt_megastairs_1, lemuel_fruit_tree, lemuel_fruit_fields
Lair:2:   layout_chaotic_city
Lair:3:   layout_regular_city, elwin_shoals_entry_stream,
          nicolae_spider_entry_non_spiders, cheibrodos_lair_caveside_slide
Lair:4:   layout_layer_cave, serial_bayou_shore_a, grunt_megastairs_4
Lair:5:   hangedman_lair_tendril_chambers, layout_cave_pods,
          minmay_slime_entry_pillars, minivault_11, minmay_stone_trees_small,
          nicolae_lair_lil_pond, st_stairs_5, infiniplex_staircase_pool
Shoals:1: layout_shoals, ldierk_geyser, uniq_louise
Shoals:2: layout_shoals
Shoals:3: nzn_motion_control, layout_shoals, nicolae_shoals_lost_giant_baths,
          uniq_polyphemus, uniq_ilsuiw
Shoals:4: shoals_end_simple, layout_shoals, gammafunk_ghost_cemetery,
          minmay_shop_enchanted_jewellery, uniq_mara

Skill      XL: |  1  2  3  4  5  6  7  8  9 10 11 12 13 14 15 16 |
---------------+-------------------------------------------------+-----
Maces & Flails | 3 4 5 6 7 8 9 10 11 12 13 14 | 14.3
Armour         | 4 5 6 8 9 10 11 12 13 | 13.4
Fighting       | 4 5 6 8 9 11 13 14 15 | 15.1
Shields        | 5 6 8 10 11 | 11.9
Evocations     | 2 3 7 9 |  9.0
Conjurations   | 3 4 |  4.4
Spellcasting   | 3 |  3.5
Dodging        | 7 8 9 |  9.0
Ranged Weapons | 9 10 | 10.9
Stealth        | 2 4 |  4.7

Action                     |  1- 3 |  4- 6 |  7- 9 | 10-12 | 13-15 | 16-18 || total
---------------------------+-------+-------+-------+-------+-------+-------++-------
  Melee: Flail             |   122 |   170 |   250 |   418 |  1125 |   287 ||  2372
  Throw: Dart              |       |       |     2 |     4 |       |     2 ||     8
 Invoke: Curse Item        |       |       |     1 |     3 |     5 |       ||     9
         Shatter the Chain |       |       |     1 |       |     1 |       ||     2
  Evoke: Wand              |       |       |       |     3 |    15 |    22 ||    40
    Use: Scroll            |       |     3 |    18 |     3 |    10 |     1 ||    35
         Potion            |       |       |     3 |     3 |     8 |     8 ||    22
   Stab: Invisible         |       |       |     6 |       |     3 |       ||     9
         Distracted        |       |       |       |       |     1 |       ||     1
         Paralysed         |       |       |       |       |     2 |     7 ||     9
         Petrified         |       |       |       |       |       |     2 ||     2
 Armour: Scale mail        |    77 |   134 |   142 |       |       |       ||   353
         Ring mail         |       |       |     2 |   246 |   708 |   245 ||  1201
  Dodge: Dodged            |    60 |   103 |   108 |   176 |   572 |   167 ||  1186
  Block: Buckler           |    28 |    39 |    69 |    90 |   298 |       ||   524
         Kite shield       |       |       |       |       |   316 |   222 ||   538

Table legend: (Time is in decaauts)
 A = Elapsed time spent in this place.
 B = Non-inter-level travel time spent in this place.
 C = Inter-level travel time spent in this place.
 D = Time resting spent in this place.
 E = Time spent auto-exploring this place.
 F = Levels seen in this place.
 G = Mean time per level.
                   A        B        C        D        E       F      G
               +--------+--------+--------+--------+--------+-----+--------+
         Total |  34270 |  33536 |    734 |   5947 |  23216 |  25 | 1370.8 |
       Dungeon |  14196 |  13761 |    435 |   1603 |  10281 |  13 | 1092.0 |
        Temple |    240 |    217 |     23 |      0 |    207 |   1 |  240.0 |
          Lair |  10853 |  10637 |    216 |    832 |   8754 |   5 | 2170.6 |
        Shoals |   7778 |   7719 |     59 |   2713 |   3890 |   4 | 1944.5 |
         Abyss |    106 |    106 |      0 |     31 |      0 |   1 |  106.0 |
        Bailey |   1094 |   1094 |      0 |    768 |     83 |   1 | 1094.0 |
               +--------+--------+--------+--------+--------+-----+--------+

Top non-repeatable levels by time:
  Lair:5: 3571 daAuts
Shoals:1: 2907 daAuts
Shoals:2: 2602 daAuts
  Lair:4: 2162 daAuts
Shoals:3: 1928 daAuts
  Lair:1: 1775 daAuts
    D:12: 1722 daAuts
  Lair:2: 1690 daAuts
  Lair:3: 1654 daAuts
    D:11: 1489 daAuts
     D:9: 1392 daAuts
     D:8: 1340 daAuts
     D:5: 1332 daAuts
     D:6: 1327 daAuts
     D:4: 1263 daAuts
